 Dungeon Crawl Stone Soup version 0.20.0-10-g0535bb4 (webtiles) character file.

263 maniacrov the Covered (level 5, -1/47 HPs)
             Began as a Minotaur Fighter on June 7, 2017.
             Slain by an ogre
             ... wielding a +0 giant club
              (13 damage)
             ... on level 4 of the Dungeon.
             The game lasted 00:14:09 (2803 turns).

maniacrov the Covered (Minotaur Fighter)            Turns: 2803, Time: 00:14:10

Health: -1/47      AC:  8    Str: 27    XL:     5   Next: 98%
Magic:  4/4        EV:  8    Int:  8    God:
Gold:   273        SH: 10    Dex:  9    Spells: 4/4 levels left

rFire    . . .     SeeInvis .   a - +0 war axe
rCold    . . .     Gourm    .   c - +0 shield
rNeg     . . .     Faith    .   b - +0 scale mail
rPois    .         Spirit   .   (helmet restricted)
rElec    .         Reflect  .   m - +0 cloak
rCorr    .         Harm     .   (no gloves)
MR       .....                  (no boots)
Stlth    ..........             n - amulet of magic regeneration
Regen    0.2/turn               q - +3 ring of intelligence
MPRegen  0.2/turn               (no ring)

@: mighty
A: retaliatory headbutt, horns 2
a: no special abilities


You were on level 4 of the Dungeon.
You were hungry.

You visited 1 branch of the dungeon, and saw 4 of its levels.

You collected 273 gold pieces.

Inventory:

Hand Weapons
 a - a +0 war axe (weapon)
Armour
 b - a +0 scale mail (worn)
 c - a +0 shield (worn)
 d - the +1 leather armour "Kag Pyi" {+Fly rElec Dex-4 Stlth-, unknown}
   (You found it on level 4 of the Dungeon)

   It affects your dexterity (-4).
   It insulates you from electricity.
   It lets you fly.
   It makes you less stealthy.
 m - a +0 cloak (worn)
Jewellery
 n - an amulet of magic regeneration (around neck)
 q - a +3 ring of intelligence (left hand)
Wands
 x - a wand of disintegration (16/24)
Scrolls
 g - 2 scrolls of random uselessness
 h - a scroll of noise {unknown}
 i - 4 scrolls of remove curse
 l - a scroll of enchant armour
 s - a scroll of blinking
 t - a scroll of recharging {unknown}
 v - a scroll of fear
Potions
 e - a potion of experience {unknown}
 j - a potion of mutation {unknown}
 k - a potion of agility {unknown}
 o - a potion of lignification {unknown}
 w - a potion of degeneration {unknown}
 z - a potion of heal wounds {unknown}
Books
 y - Siser's Tome of Mutagenic Confrontation
   (You found it on level 4 of the Dungeon)

   Spells                             Type                      Level
   a - Sting                          Conjuration/Poison           1
   b - Shock                          Conjuration/Air              1
   c - Ignite Poison                  Fire/Transmutation/Poison    3
   d - Ice Form                       Ice/Transmutation            4
   e - Venom Bolt                     Conjuration/Poison           5
   f - Iron Shot                      Conjuration/Earth            6
Comestibles
 f - 4 bread rations
 p - 2 royal jellies
 r - 2 meat rations
 u - 3 fruits


   Skills:
 + Level 4.6 Fighting
 + Level 4.7 Axes
 + Level 5.1 Armour
 + Level 1.5 Dodging
 + Level 4.5 Shields


You had 4 spell levels left.
You didn't know any spells.

Dungeon Overview and Level Annotations

Branches:
Dungeon (4/15)
 Temple: D:4-7

Altars:
Ashenzari
Ru
Trog
Xom
Yredelemnul


Innate Abilities, Weirdness & Mutations

You reflexively headbutt those who attack you in melee.
You have a pair of horns on your head.


Message History

You block the hound's attack. The hound bites you.
You closely miss the hound. You headbutt the hound.
The hound is moderately wounded.
You block the hound's attack. x2
You slice the hound!!
You kill the hound!
You hit the adder. You headbutt the adder.
You kill the adder!
You closely miss the adder. You block the adder's attack.
The ogre hits you with a giant club!
* * * LOW HITPOINT WARNING * * *
You block the adder's attack.
You completely miss the ogre. You slash the adder!
You block the adder's attack. The ogre completely misses you.
You barely miss the ogre. You headbutt the ogre.
The ogre is moderately wounded.
Your scale mail prevents you from hitting the adder.
You block the adder's attack. The adder bites you but does no damage.
The ogre hits you with a giant club!
You die...

#....##### ##.##
#........# ##.##
##...###.###...#####
##.###............#
########################
#....####........# #...##
#.# #......#...##.....#
#.#####.....##...#l......
#(.).#......##..@Oo......
#.##).....####..S#w......
#.########## #...##.....#
#.# ##...###...# #...##
#.# ##(....##...# ####
### ..# #.......#)..# ...
#.# #...)..)[...# ###
#..# #.......#...# #..#
##)....##...#


You could see an ogre, a worm, an adder, an orc and a frilled lizard.

Vanquished Creatures
  A howler monkey (D:4)
  A hound (D:4)
  An orc wizard (D:4)
  6 gnolls
  3 adders
  An adder skeleton (D:4)
  4 worms (D:2)
  2 leopard geckos
  6 orcs (D:4)
  A ball python (D:2)
  3 bats
  2 giant cockroaches
  10 goblins
  6 hobgoblins
  A quokka (D:3)
  6 frilled lizards
  7 kobolds
  A quokka skeleton (D:3)
  5 rats
  A plant (D:2)
68 creatures vanquished.

Notes
Turn   | Place    | Note
-------+----------+-------------------------------------------
     0 | D:1      | maniacrov the Minotaur Fighter began the quest for the Orb.
     0 | D:1      | Reached XP level 1. HP: 19/19 MP: 0/0
   368 | D:1      | Reached XP level 2. HP: 22/27 MP: 1/1
   388 | D:1      | Reached skill level 4 in Armour
   885 | D:2      | Reached XP level 3. HP: 23/33 MP: 2/2
  1270 | D:2      | Reached XP level 4. HP: 40/40 MP: 3/3
  1278 | D:2      | Found a basalt altar of Yredelemnul.
  1281 | D:2      | Found a shimmering altar of Xom.
  1281 | D:2      | Found a shattered altar of Ashenzari.
  1282 | D:2      | Found a sacrificial altar of Ru.
  1348 | D:2      | Found a bloodstained altar of Trog.
  2372 | D:4      | Reached skill level 1 in Dodging
  2484 | D:4      | Reached XP level 5. HP: 41/47 MP: 4/4
  2725 | D:4      | Reached skill level 5 in Armour
  2750 | D:4      | Got a slimy leather armour
  2753 | D:4      | Identified Siser's Tome of Mutagenic Confrontation
  2796 | D:4      | Noticed an ogre
  2803 | D:4      | Slain by an ogre

Skill      XL: |  1  2  3  4  5 |
---------------+----------------+-----
Fighting       | 4 |  4.6
Armour         | 4 5 |  5.1
Shields        | 4 |  4.5
Axes           | 3 4 |  4.7
Dodging        | 1 |  1.5

Action                   |  1- 3 |  4- 6 || total
-------------------------+-------+-------++-------
Melee: War axe           |   108 |   103 ||   211
       Headbutt          |    23 |    18 ||    41
  Use: Scroll            |     7 |     3 ||    10
       Potion            |       |     1 ||     1
  Eat: Meat ration       |     1 |       ||     1
       Fruit             |     1 |       ||     1
Armor: Scale mail        |    16 |    49 ||    65
Dodge: Dodged            |    19 |    40 ||    59
Block: Shield            |    41 |    66 ||   107
